[Event "Early-Titled-Tuesday-Blitz-October-17-2023"]
[Site "Chess.com"]
[Date "2023.10.17"]
[Round "6"]
[White "Me_ch_an"]
[Black "Sekar24"]
[Result "0-1"]
[WhiteElo "2357"]
[BlackElo "2519"]
[TimeControl "180+1"]
[EndTime "9:11:33 PDT"]
[Termination "Sekar24 won by checkmate"]

1. e4 e5 2. Nf3 Nc6 3. Bb5 a6 4. Ba4 Nf6 5. Qe2 b5 6. Bb3 Bc5 7. c3 d6 8. O-O O-O 9. Rd1 Bg4 10.
d3 h6 11. Nbd2 Bb6 12. Nf1 Ne7 13. h3 Be6 14. Bc2 Ng6 15. Ng3 c5 16. Nh2 d5 17.
Nf5 Qd7 18. Qf3 Bxf5 19. exf5 Ne7 20. Ng4 Qxf5 21. Nxf6+ Qxf6 22. Qxf6 gxf6 23. Bxh6 Rfd8 24. f4 Nf5 25. fxe5 Nxh6 26. exf6 d4 27. Rf1 dxc3 28. bxc3 Kf8 29. g4 b4 30. c4 Bc7 31. g5 Ng8 32. Rf5 Re8 33. Raf1 Be5 34. Kf2 Bd4+ 35. Kg3 Re2 36. Bb3 a5 37. h4 a4 38. Bd1 Rxa2 39. h5 Rd2 40. R5f3 Be5+ 41. Kg4 Rg2+ 42. Kf5 Bc3 43. h6 Bd2 44. h7 Rxg5+ 45. Ke4 Re8# 0-1

[Event "Early-Titled-Tuesday-Blitz-October-17-2023"]
[Site "Chess.com"]
[Date "2023.10.17"]
[Round "6"]
[White "chrisclaireredfield"]
[Black "ChessQueen"]
[Result "1-0"]
[WhiteElo "2535"]
[BlackElo "2698"]
[TimeControl "180+1"]
[EndTime "9:11:36 PDT"]
[Termination "chrisclaireredfield won on time"]

1. Nf3 f5 2. g3 Nf6 3. Bg2 g6 4.
O-O Bg7 5. c4 O-O 6. Nc3 d6 7.
b3 e5 8. Bb2 Nc6 9. d4 e4 10. Ne1 d5 11. Nc2 Be6 12. c5 g5 13.
f4 gxf4 14. Rxf4 Nh5 15. Rh4 Bf7 16. e3 Qg5 17. Nxd5 Nxg3 18. hxg3 Bxd5 19. Kh2 Rf6 20. Qh5 h6 21. Rf1 Raf8 22. b4 Rg6 23. Rh3 Bxa2 24. b5 Ne7 25. Ra1 Bb3 26. Qxg5 hxg5 27. Nb4 Ra8 28. g4 fxg4 29. Rg3 Nf5 30. Rxg4 Nxe3 31. Rxe4 Nxg2 32. Kxg2 a5 33. Re7 Rc8 34. Rxa5 Bf8 35. Re5 b6 36. Ra7 Bc4 37. Nd5 bxc5 38.
Nxc7 cxd4 39. Bxd4 Rd6 40. Be3 Bg7 41. Rxg5 Rd7 42.
b6 Rb8 43. Bf4 Rxb6 44. Be5 Rb8 45. Bxg7 Kh7 46. Be5 Rc8 47. Kg3 1-0

[Event "Early-Titled-Tuesday-Blitz-October-17-2023"]
[Site "Chess.com"]
[Date "2023.10.17"]
[Round "6"]
[White "subham777"]
[Black "SAInt_666"]
[Result "0-1"]
[WhiteElo "2542"]
[BlackElo "2772"]
[TimeControl "180+1"]
[EndTime "9:11:37 PDT"]
[Termination "SAInt_666 won by resignation"]

1. e4 c5 2. Nf3 d6 3. d4 cxd4 4. Qxd4 Nf6 5. e5 Nc6 6. Bb5 Qa5+ 7. Nc3 Qxb5 8. Nxb5 Nxd4 9. Nbxd4 dxe5 10. Nxe5 g6 11. Be3 a6 12. Nc4 Bd7 13. Nb6 Rd8 14. O-O-O Bg7 15.
Bf4 O-O 16. Rhe1 Rde8 17. Nxd7 Nxd7 18. Nb3 Nb6 19. Be5 Bh6+ 20. Kb1 Nc4 21. Bc3 Rd8 22.
a3 e6 23. Bf6 Rxd1+ 24. Rxd1 b5 25. Rd7 Rc8 26. Rd8+ Rxd8 27. Bxd8 Bf8 28. Bf6 Bd6 29. h3 Kf8 30. Bd4 Ke8 31. c3 e5 32. Bc5 Kd7 33.
Kc2 f5 34. Bxd6 Kxd6 35. Nd2 Nxd2 36. Kxd2 a5 37. b3 a4 38. bxa4 bxa4 39. c4 Kc5 40. Kc3 e4 41. h4 h6 42. g3 g5 43. h5 g4 44. Kd2 Kxc4 45. Ke3 Kb3 46. Kf4 Kxa3 47.
Kxf5 Kb3 48. Kg6 a3 49. Kxh6 a2 50. Kh7 a1=Q 51. h6 Qf6 0-1

[Event "Early-Titled-Tuesday-Blitz-October-17-2023"]
[Site "Chess.com"]
[Date "2023.10.17"]
[Round "6"]
[White "GMKrikor"]
[Black "Martial2008"]
[Result "1-0"]
[WhiteElo "2823"]
[BlackElo "2628"]
[TimeControl "180+1"]
[EndTime "9:11:38 PDT"]
[Termination "GMKrikor won by checkmate"]

1. Nf3 Nf6 2. c4 e6 3. Nc3 d5 4. cxd5 exd5 5. d4 Bb4 6. Bf4 O-O 7. e3 Bf5 8. Qb3 Bxc3+ 9. bxc3 Nbd7 10. Be2 c5 11. O-O b6 12. a4 Re8 13. a5 Qe7 14.
Qa3 Rac8 15. h3 Ne4 16. Ba6 Rc6 17. Bb7 Rg6 18. Kh2 Ndf6 19. Bc6 Rc8 20. Ne5 Rxc6 21. Nxc6 Ng4+ 22. hxg4 Qh4+ 23. Kg1 Bxg4 24. Ne5 Bh3 25.
Nxg6 hxg6 26. gxh3 Qxh3 27. f3 Nd2 28. Qa2 Nxf3+ 29.
Rxf3 Qxf3 30. Qg2 Qh5 31. axb6 axb6 32. Ra8+ Kh7 33. Qh2 Qxh2+ 34. Kxh2 cxd4 35. exd4 f6 36. Rd8 g5 37. Rxd5 gxf4 38. Rd6 Kg6 39. Rxb6 Kf5 40. c4 g5 41. c5 Ke4 42. c6 g4 43. c7 Kf3 44.
c8=Q Kf2 45. Rb2+ Kf3 46. Qc6+ Ke3 47. Qc3+ Ke4 48. Re2+ Kf5 49. Qd3+ Kg5 50. Re7 f3 51. Qe3+ Kg6 52. Qe4+ f5 53. Re6+ Kg5 54. Qe3+ f4 55. Qe5+ Kh4 56. Rh6# 1-0

[Event "Early-Titled-Tuesday-Blitz-October-17-2023"]
[Site "Chess.com"]
[Date "2023.10.17"]
[Round "6"]
[White "Iball95"]
[Black "wqws"]
[Result "1-0"]
[WhiteElo "2825"]
[BlackElo "2645"]
[TimeControl "180+1"]
[EndTime "9:11:39 PDT"]
[Termination "Iball95 won by resignation"]

1. e4 c5 2. Nf3 d6 3. Nc3 Nf6 4.
d4 cxd4 5. Qxd4 Nc6 6. Bb5 Bd7 7. Bxc6 Bxc6 8. Bg5 e6 9. O-O-O Be7 10. Rhe1 O-O 11.
e5 dxe5 12. Nxe5 Qxd4 13. Rxd4 Bc5 14. Nxc6 bxc6 15. Bxf6 gxf6 16. Rd2 Rfd8 17. Ree2 f5 18. a3 Be7 19. g3 Bg5 20. f4 Bf6 21. Na4 h5 22. Nc5 Kf8 23. c4 Ke7 24. Kc2 h4 25. b4 Bd4 26. Nb3 Bf6 27. Na5 Rdc8 28. Kb3 Rc7 29. Rd3 Ke8 30. c5 h3 31. Nc4 Rb8 32. Nd6+ Kf8 33. Kc4 a5 34. Rb3 axb4 35. axb4 Ra7 36. b5 Ra4+ 37. Rb4 cxb5+ 38. Nxb5 Ra1 39. Rc2 Be7 40. Nc3 Rc8 41. Rb5 Ra7 42. Rd2 Rac7 43. Na4 Ra8 44. Kb3 Rca7 45. Rd4 Rc7 46. Rc4 Rd8 47.
c6 Rd2 48. Rb7 Rc8 49. Nb6 Re8 50. c7 Rxh2 51. Rb8 1-0

[Event "Early-Titled-Tuesday-Blitz-October-17-2023"]
[Site "Chess.com"]
[Date "2023.10.17"]
[Round "6"]
[White "karinachess1"]
[Black "GMSAGOR"]
[Result "1/2-1/2"]
[WhiteElo "2611"]
[BlackElo "2481"]
[TimeControl "180+1"]
[EndTime "9:11:39 PDT"]
[Termination "Game drawn by repetition"]

1. d4 Nf6 2. c4 e6 3. Nc3 Bb4 4. Qc2 O-O 5. a3 Bxc3+ 6. Qxc3 c5 7. dxc5 a5 8. Nf3 Na6 9. b4 b6 10. cxb6 axb4 11. axb4 Ne4 12. Qb2 Qxb6 13. Be3 Nxb4 14. Bxb6 Rxa1+ 15. Qxa1 Nc2+ 16. Kd1 Nxa1 17. Nd2 Bb7 18.
Nxe4 Bxe4 19. f3 Bc6 20. e4 Rb8 21. c5 d6 22. Bc4 dxc5 23. Kd2 Rxb6 24. Rxa1 g6 25.
Kc3 Kg7 26. h4 Be8 27. Ra5 Rc6 28. Ra7 Rc8 29. Bxe6 Rd8 30. Bc4 Rd1 31. Rc7 Rg1 32. g4 Rg3 33. Be2 h5 34. gxh5 gxh5 35. Rxc5 f6 36.
Rc7+ Kh6 37. Re7 Bg6 38. Re6 Kg7 39. Re7+ Kf8 40. Rc7 Rh3 41. Kd2 Rxh4 42. Ke3 Rh2 43. Rc6 Kg7 44. Rc7+ Kf8 45. Rc6 Kg7 46. Rc7+ Kf8 1/2-1/2

[Event "Early-Titled-Tuesday-Blitz-October-17-2023"]
[Site "Chess.com"]
[Date "2023.10.17"]
[Round "6"]
[White "Niilo1"]
[Black "Mystery2007"]
[Result "0-1"]
[WhiteElo "2299"]
[BlackElo "2459"]
[TimeControl "180+1"]
[EndTime "9:11:40 PDT"]
[Termination "Mystery2007 won by resignation"]

1. e4 a6 2. d4 e6 3. Bd3 d5 4. e5 c5 5. c3 Nc6 6. Nf3 Nh6 7. O-O Nf5 8. Bxf5 exf5 9. Re1 h6 10.
Nbd2 Be6 11. Nf1 c4 12. Qc2 Be7 13. Ne3 Qd7 14. b3 b5 15. a4 O-O 16. Ba3 f4 17.
Nf1 Bf5 18. Qb2 Bxa3 19. Rxa3 b4 20. cxb4 Nxb4 21. Rd1 Nd3 22. Qd2 Qe7 23. Rda1 Qd7 24. bxc4 dxc4 25. Qc3 Qd5 26. N1d2 Rfc8 27. Ne1 Rab8 28.
Ndf3 g5 29. h3 a5 30. Nxd3 cxd3 31. Qd2 Rc2 32. Qd1 Rbb2 33. Qe1 Re2 34. Qf1 Bxh3 35. Rxd3 Bf5 36. Rdd1 Be4 37. Re1 Bxf3 38. gxf3 Qxf3 39.
Rxe2 Rxe2 40. d5 Rxe5 41. d6 Rd5 42. Rc1 Rxd6 43. Rc8+ Kg7 44. Rc1 Qd3 45. Qe1 Qd4 46. Rd1 Qxd1 0-1

[Event "Early-Titled-Tuesday-Blitz-October-17-2023"]
[Site "Chess.com"]
[Date "2023.10.17"]
[Round "6"]
[White "DreamsAreFake"]
[Black "wonderfultime"]
[Result "0-1"]
[WhiteElo "2744"]
[BlackElo "2979"]
[TimeControl "180+1"]
[EndTime "9:11:43 PDT"]
[Termination "wonderfultime won by resignation"]

1. Nf3 d5 2. g3 Nd7 3. d4 Nb6 4. Bg2 Bf5 5. b3 e6 6. O-O Be7 7. a4 a5 8. Ba3 Nf6 9. Bxe7 Qxe7 10. Na3 O-O 11. Ne5 Rfd8 12. e3 h6 13. Qe2 c6 14. c4 Nbd7 15. Nd3 Be4 16. Rfc1 Bxg2 17. Kxg2 e5 18. dxe5 Nxe5 19. Nf4 g5 20. Nh5 Nxh5 21. Qxh5 Kg7 22. Qe2 Rd7 23. Rd1 Rad8 24. cxd5 Rxd5 25.
Rxd5 Rxd5 26. Nc4 Nd3 27. Rd1 Qd8 28. Rd2 b5 29. axb5 cxb5 30. e4 Rd4 31. Ne3 Ne1+ 32.
Qxe1 Rxd2 33. Qa1+ f6 34. Qc3 Kg6 35. Qc5 Qd4 36.
Qf5+ Kf7 37. Qh7+ Ke8 38. Qg8+ Kd7 39. Qf7+ Kc6 40. Qe6+ Kc5 41. Qf5+ Kb4 42. Qf3 Rd3 43. Qe2 Rxe3 44. fxe3 Qxe4+ 45. Kh3 Qe6+ 46. g4 Qxb3 47.
Qxb5+ Kxb5 0-1

[Event "Early-Titled-Tuesday-Blitz-October-17-2023"]
[Site "Chess.com"]
[Date "2023.10.17"]
[Round "6"]
[White "atalz0"]
[Black "KNVB"]
[Result "0-1"]
[WhiteElo "2507"]
[BlackElo "2675"]
[TimeControl "180+1"]
[EndTime "9:11:47 PDT"]
[Termination "KNVB won by resignation"]

1. d4 Nf6 2. c4 e5 3. dxe5 Ng4 4. Bf4 Nc6 5. Nf3 Bb4+ 6. Nbd2 Qe7 7. e3 Ngxe5 8. Nxe5 Nxe5 9. Be2 d6 10. O-O a5 11.
Nb3 a4 12. a3 Bc3 13. bxc3 axb3 14. Qxb3 Nd7 15. a4 Ra5 16. Qb4 b6 17. Bf3 Nc5 18.
Rfd1 O-O 19. Bc6 Bd7 20. Bb5 Rfa8 21. Rab1 Nxa4 22. Bxd7 Qxd7 23. Rd5 Nc5 24. h3 h6 25.
Qb2 Ra2 26. Qc1 Qe6 27. Qd1 Qg6 28. Rc1 Rb2 29. Qf3 Raa2 30. Bg3 Ne4 31. Kh2 Nxg3 32. Qxg3 Rxf2 33. Qxg6 fxg6 34. Rg1 Kf7 35. Rd4 Ke6 36. Kg3 g5 37. h4 gxh4+ 38. Rxh4 Rfe2 39. Re4+ Kd7 40. Kf3 Rac2 41. g4 Rf2+ 42. Kg3 Rfe2 43. Rf1 Rxc3 44.
Rf7+ Kc6 45. Rxg7 Rexe3+ 46. Rxe3 Rxe3+ 47. Kh4 Re6 48. Rh7 Kb7 49. Kh5 b5 50. cxb5 d5 51.
Rxh6 Rxh6+ 52. Kxh6 d4 53. g5 d3 54. g6 d2 55. g7 d1=Q 56. g8=Q Qh1+ 57. Kg7 Qg1+ 58.
Kf7 Qxg8+ 59. Kxg8 Kb6 60. Kf7 Kxb5 61. Ke6 c5 62. Kd5 Kb4 63. Ke4 c4 64. Ke3 Kb3 65.
Kd2 Kb2 0-1

[Event "Early-Titled-Tuesday-Blitz-October-17-2023"]
[Site "Chess.com"]
[Date "2023.10.17"]
[Round "6"]
[White "HajiyevKanan"]
[Black "Andrei_Skvortsov"]
[Result "1-0"]
[WhiteElo "2551"]
[BlackElo "2651"]
[TimeControl "180+1"]
[EndTime "9:11:48 PDT"]
[Termination "HajiyevKanan won by resignation"]

1. d4 e6 2. Nf3 c5 3. e3 Nf6 4. Be2 b6 5. O-O Bb7 6. b3 Be7 7. Bb2 O-O 8. c4 cxd4 9. Nxd4 d5 10. cxd5 exd5 11. Nc3 Nbd7 12. Nf5 Bc5 13. Na4 Re8 14. Rc1 Bf8 15. Nc3 Ne5 16. Nb5 Rc8 17. Rxc8 Bxc8 18.
Ng3 a6 19. Nd4 Bb7 20. Qc2 Qd7 21. Qf5 Qxf5 22. Ngxf5 Rc8 23. Rc1 Rxc1+ 24. Bxc1 g6 25. Ng3 Nfd7 26. Bb2 f5 27. Nf3 Nxf3+ 28. Bxf3 Bg7 29.
Bxg7 Kxg7 30. Ne2 Kf6 31. Nf4 Ke5 32. Nd3+ Kd6 33. Kf1 a5 34. h4 Ba6 35. Be2 Bxd3 36. Bxd3 Kc5 37. a3 Ne5 38. Bc2 a4 39. bxa4 Kc4 40.
Ke2 Kc3 41. Bd1 Nc4 42. Kf3 Nxa3 43. Kf4 Nc4 44. Bf3 Nb2 45. Bxd5 Nxa4 46. Kg5 b5 47. Kh6 Nb6 48. Ba2 Kb2 49. Bg8 Nc4 50. Bxh7 b4 51. Bxg6 Nd6 52. g4 fxg4 53. Kg5 b3 54. h5 Kc1 55. h6 b2 56. h7 Nf7+ 57. Kf6 Nh8 58. Bf5 Kd2 59. Kg7 Ke1 60. Kxh8 Kxf2 61. Kg7 g3 62. h8=Q g2 63. Qh4+ Kf1 64. Qf4+ Kg1 65. Bb1 Kh1 66. Qh4+ Kg1 67. e4 Kf1 68. Qf4+ Ke2 69.
Qg3 Kf1 70. Qf3+ Kg1 71. e5 1-0

[Event "Early-Titled-Tuesday-Blitz-October-17-2023"]
[Site "Chess.com"]
[Date "2023.10.17"]
[Round "6"]
[White "AnaKuchava"]
[Black "midedu"]
[Result "0-1"]
[WhiteElo "2250"]
[BlackElo "2011"]
[TimeControl "180+1"]
[EndTime "9:11:48 PDT"]
[Termination "midedu won on time"]

1. d4 Nf6 2. Nf3 g6 3. c4 Bg7 4.
Nc3 d6 5. e4 O-O 6. Be2 Nc6 7.
O-O e5 8. Be3 exd4 9. Nxd4 Bd7 10. Qd2 Re8 11. f3 Qc8 12. Rad1 a6 13. Rfe1 Ne5 14.
Bf1 h5 15. Nd5 Nh7 16. b3 Rb8 17. Bh6 Bh8 18. Qf4 b5 19. cxb5 axb5 20. Qc1 c6 21.
Nc3 b4 22. Na4 c5 23. Nc2 Re6 24. Bf4 Qb7 25. Ne3 Nf6 26. Bc4 Nxc4 27. Nxc4 Bxa4 28. bxa4 Ne8 29. Nxd6 Nxd6 30. Rxd6 Rxd6 31. Bxd6 Rc8 32. e5 Qc6 33. Qc4 Qxa4 34. e6 Bd4+ 35. Kh1 Qa7 36. e7 Re8 37. Qb5 Qa8 38. Bxc5 Bxc5 39. Qxc5 Qxa2 40. Qc6 Rxe7 41. Rg1 Qe6 42. Qb5 Qd6 43.
h3 Re5 44. Qb7 Re3 45. Rb1 b3 46. Qc8+ Kg7 47. Qc4 Qd3 48. Qc1 Qc3 49. Qxc3+ Rxc3 50. Kh2 Kf6 51. Kg3 Ke5 0-1

[Event "Early-Titled-Tuesday-Blitz-October-17-2023"]
[Site "Chess.com"]
[Date "2023.10.17"]
[Round "6"]
[White "attack2mateU"]
[Black "Cayse"]
[Result "0-1"]
[WhiteElo "2727"]
[BlackElo "2894"]
[TimeControl "180+1"]
[EndTime "9:11:51 PDT"]
[Termination "Cayse won on time"]

1. e4 e5 2. Nf3 Nc6 3. Bc4 Nf6 4. d3 Bc5 5. c3 O-O 6. O-O d5 7. exd5 Nxd5 8. Re1 Bg4 9. h3 Bh5 10. Nbd2 Nb6 11. Bb3 Qxd3 12. Nxe5 Qf5 13. Nef3 Rae8 14. g4 Bxg4 15. hxg4 Qxg4+ 16. Kh1 Bxf2 17. Nh2 Rxe1+ 18. Qxe1 Qg3 19. Qf1 Re8 20. Ndf3 Ne5 21. Qg2 Nd3 22. Bd2 h6 23. Rf1 Qxg2+ 24. Kxg2 Bc5 25. Nd4 Re7 26. Nhf3 Nxb2 27. Be1 N2c4 28. Bf2 Re4 29. Nf5 Bxf2 30. Rxf2 Rf4 31. N5d4 g6 32. Kg3 g5 33. Nh2 Rxf2 34. Kxf2 Nd6 35. Ng4 Kg7 36. Ne5 f6 37. Nd3 Nd7 38. Be6 Ne5 39. Nc5 b6 40. Nd7 Ne4+ 41.
Ke3 Nxc3 42. Nf5+ Kg6 43. Nxe5+ fxe5 44. a3 Kf6 45. Bc8 Nd5+ 46. Ke4 Nf4 47. Ng3 h5 48. Kf3 g4+ 49. Ke3 a5 50. Ne4+ Kg6 51.
Nc3 Kg5 52. Ne4+ Kg6 53. Nc3 g3 54. Kf3 g2 55. Kf2 h4 56. Ne4 h3 0-1

[Event "Early-Titled-Tuesday-Blitz-October-17-2023"]
[Site "Chess.com"]
[Date "2023.10.17"]
[Round "6"]
[White "mfwagnerpeixoto"]
[Black "campochess"]
[Result "1-0"]
[WhiteElo "2323"]
[BlackElo "2147"]
[TimeControl "180+1"]
[EndTime "9:11:51 PDT"]
[Termination "mfwagnerpeixoto won on time"]

1. Nf3 Nf6 2. g3 b6 3. Bg2 Bb7 4. O-O e6 5. d3 Be7 6. e3 c5 7. c4 O-O 8. Nc3 d6 9. e4 e5 10. Nh4 g6 11. f4 exf4 12. e5 Bxg2 13. exf6 Bxf1 14. fxe7 Qxe7 15. Qxf1 fxg3 16. hxg3 f5 17.
Nd5 Qg7 18. Bd2 Nc6 19. Bc3 Nd4 20. Qf2 Rae8 21. Rf1 Qe5 22. Re1 Qg7 23. Bxd4 cxd4 24. Rxe8 Rxe8 25. Nf3 Qh6 26. Nf6+ Kf7 27. Nxe8 Kxe8 28.
Nxd4 Kd7 29. Nf3 Qc1+ 30. Kg2 Qb1 31. a3 Qxd3 32. Qd2 Qe4 33. Kf2 Kc7 34. b3 a5 35.
a4 Qb1 36. Nd4 Qh1 37. Nb5+ Kc8 38. Nxd6+ Kb8 39. Qd5 Qh2+ 40. Kf3 Qh5+ 41. Kf4 Qh6+ 42. Ke5 Qg7+ 43. Ke6 Qg8+ 44. Kd7 Qg7+ 45. Qf7 Qxf7+ 46.
Nxf7 Kb7 47. Ng5 h6 48. Nf3 g5 49. Ke6 f4 50. gxf4 g4 51. Nh4 g3 52. Ng2 Kc6 53. f5 1-0

[Event "Early-Titled-Tuesday-Blitz-October-17-2023"]
[Site "Chess.com"]
[Date "2023.10.17"]
[Round "6"]
[White "esrosenberg"]
[Black "Alphafischer2019"]
[Result "1-0"]
[WhiteElo "2417"]
[BlackElo "2587"]
[TimeControl "180+1"]
[EndTime "9:11:53 PDT"]
[Termination "esrosenberg won by resignation"]

1. d4 Nf6 2. Nf3 g6 3. Nc3 Bg7 4. e4 d6 5. Be2 c6 6. O-O O-O 7.
Re1 Qc7 8. a4 e5 9. a5 h6 10. h3 Nh5 11. Be3 Nf4 12. Bc4 g5 13. Ne2 Nd7 14. Ng3 Nf6 15. c3 g4 16. hxg4 Bxg4 17. Bxf4 exf4 18. Nf5 d5 19. Nxg7 dxe4 20. Nf5 Bxf5 21. Ne5 Nd7 22. Qh5 Nxe5 23. dxe5 Qxe5 24.
Qxh6 Bh7 25. Rad1 Rad8 26. Bxf7+ Kh8 27. Bg6 Qg7 28. Qxg7+ Kxg7 29. Bxh7 Rxd1 30. Rxd1 Kxh7 31. Rd7+ Kg6 32. Rxb7 Rd8 33. Rxa7 Rd1+ 34. Kh2 Kf6 35. Ra8 e3 36. fxe3 fxe3 37. Re8 Re1 38. a6 Kf7 39. Re4 Ra1 40. Rxe3 Rxa6 41. b4 Kf6 42. Kg3 Kf5 43. Kf3 Rb6 44. g4+ Kf6 45. Kf4 Rb5 46. Re8 Rd5 47. Rf8+ Ke7 48. Rf5 Rd1 49. Rc5 Kd6 50. g5 Rf1+ 51. Kg4 Rg1+ 52. Kh5 Kd7 53. g6 Rh1+ 54.
Kg5 Rg1+ 55. Kf6 Rf1+ 56. Rf5 Rg1 57. Kf7 Rf1 58. Rxf1 1-0

[Event "Early-Titled-Tuesday-Blitz-October-17-2023"]
[Site "Chess.com"]
[Date "2023.10.17"]
[Round "6"]
[White "invisible_s0ul"]
[Black "iJueles"]
[Result "0-1"]
[WhiteElo "2283"]
[BlackElo "2450"]
[TimeControl "180+1"]
[EndTime "9:11:53 PDT"]
[Termination "iJueles won on time"]

1. c4 e5 2. e4 Nf6 3. d3 Nc6 4. Nc3 Bc5 5. Nf3 d6 6. Be3 Bb6 7. d4 exd4 8. Nxd4 Ne5 9. Be2 O-O 10. O-O c6 11. f3 Be6 12. b3 d5 13. cxd5 cxd5 14.
exd5 Nxd5 15. Nxd5 Qxd5 16. Nc2 Bxe3+ 17. Nxe3 Qc5 18.
Qc1 Qb6 19. Kh1 Rac8 20. Nc4 Nxc4 21. Bxc4 Qa5 22. Qf4 Bxc4 23. bxc4 Rc7 24. Rab1 Rfc8 25. Rfc1 Qxa2 26. c5 Qe6 27. Qd4 a6 28. Re1 Qd7 29.
Qe4 g6 30. Rbc1 Rxc5 31. Rxc5 Rxc5 32. Rb1 Rc7 33. Qe2 Qe7 34. Qd2 Rd7 35. Qc3 Rc7 36.
Qd3 b5 37. Ra1 Rc6 38. h3 Qd6 39. Qe4 Qe6 40. Qd4 Qf6 41. Qd1 b4 42. Rb1 Rb6 43.
Qa4 Qd6 44. Qe8+ Kg7 45. Qe4 a5 46. Qc4 a4 47. Qa2 a3 48. Qb3 Qe6 49. Qc2 a2 50.
Qb2+ Kg8 51. Ra1 b3 52. Qd4 Qf6 53. Qc5 Qxa1+ 54. Kh2 Qf6 55. Qc8+ Kg7 0-1

[Event "Early-Titled-Tuesday-Blitz-October-17-2023"]
[Site "Chess.com"]
[Date "2023.10.17"]
[Round "6"]
[White "vishwa_vijeta"]
[Black "ukchessbomber"]
[Result "0-1"]
[WhiteElo "2524"]
[BlackElo "2647"]
[TimeControl "180+1"]
[EndTime "9:11:55 PDT"]
[Termination "ukchessbomber won on time"]

1. e4 a6 2. d4 b5 3. c4 Bb7 4. f3 e6 5. cxb5 axb5 6. Bxb5 c5 7. Nc3 cxd4 8. Qxd4 Nc6 9. Bxc6 Bxc6 10. Nge2 Qa5 11. Be3 Rb8 12. Rb1 Nf6 13. O-O Be7 14. Qa7 Qd8 15.
Nd4 Ba8 16. Ndb5 O-O 17. Qc7 d5 18. Qxd8 Rfxd8 19. exd5 Nxd5 20. Nxd5 Rxd5 21. Nc7 Rd3 22. Bf2 Bc6 23. b3 Rc8 24. Bg3 Bd6 25. Na6 Bb5 26. Bxd6 Rxd6 27. Nb4 Bxf1 28. Kxf1 Rd4 29. a3 Kf8 30.
Rb2 Ke7 31. Na6 Rd6 32. Nb4 Rd4 33. Na6 Rc6 34. Nb4 Rc3 35. Ke2 Kd7 36. Na2 Rc6 37. b4 Rdc4 38. Kd2 Rd4+ 39. Ke2 Ra6 40. Rb3 Kc7 41. Nc3 Kb7 42. a4 Rd8 43. b5 Raa8 44. Ne4 Rd5 45. Nd2 Rxa4 46. Rc3 Rxb5 47. Rd3 Rd5 48.
Rb3+ Kc6 49. Rc3+ Kd7 50. Ne4 Ra2+ 51. Ke3 Rxg2 0-1

[Event "Early-Titled-Tuesday-Blitz-October-17-2023"]
[Site "Chess.com"]
[Date "2023.10.17"]
[Round "6"]
[White "ajedrezhoy"]
[Black "temiksmozg"]
[Result "0-1"]
[WhiteElo "2377"]
[BlackElo "2588"]
[TimeControl "180+1"]
[EndTime "9:11:55 PDT"]
[Termination "temiksmozg won by resignation"]

1. e4 c5 2. Nf3 Nc6 3. d4 cxd4 4. Nxd4 Nf6 5. Nc3 e5 6. Ndb5 d6 7. Bg5 a6 8. Na3 b5 9. Nd5 Be7 10. Bxf6 Bxf6 11. c3 O-O 12. Be2 Bg5 13. O-O Ne7 14.
Nxe7+ Qxe7 15. Nc2 Bb7 16. Bf3 a5 17. Qe2 Bc6 18. Ne3 Bxe3 19. Qxe3 b4 20. Rfc1 Qb7 21. a3 bxa3 22. bxa3 Rab8 23. c4 Qb2 24. h3 Rfc8 25. Qa7 a4 26. c5 dxc5 27. Qxc5 Bd7 28. Qe3 h6 29. Rxc8+ Rxc8 30. Rd1 Be6 31. Rd2 Qc1+ 32.
Kh2 Rc3 33. Rd8+ Kh7 34. Qxc1 Rxc1 35. Rd3 Bb3 36. Bg4 Ra1 37. Bd7 Rxa3 38. Bxa4 Rxa4 39.
Rxb3 Rxe4 40. g3 Re2 41. Kg2 g5 42. Rb4 Kg6 43. h4 f6 44. hxg5 hxg5 45. Ra4 Rd2 46. Rb4 Kf5 47. Ra4 Rd4 48. Ra6 g4 49. Rb6 Kg5 50. Re6 Rd5 51. Re8 Kf5 52. Rg8 Rd4 53.
Re8 Ra4 54. Rg8 Ke6 55. Rb8 f5 56. Rb6+ Kf7 57. Rb7+ Kf6 58. Rb6+ Kg5 59. Rb5 Re4 60. Rb8 f4 61. gxf4+ exf4 62. Rg8+ Kf5 63. Rxg4 f3+ 64. Kxf3 Rxg4 0-1

[Event "Early-Titled-Tuesday-Blitz-October-17-2023"]
[Site "Chess.com"]
[Date "2023.10.17"]
[Round "6"]
[White "Actuary44"]
[Black "BasilSmash"]
[Result "0-1"]
[WhiteElo "2509"]
[BlackElo "2436"]
[TimeControl "180+1"]
[EndTime "9:11:56 PDT"]
[Termination "BasilSmash won by checkmate"]

1. e4 e5 2. Nf3 Nc6 3. Bb5 a6 4. Ba4 Nf6 5. d3 b5 6. Bb3 Be7 7. a4 Rb8 8. axb5 axb5 9. O-O O-O 10. Re1 h6 11. Nbd2 d6 12. h3 Re8 13. Nf1 Bf8 14.
Ng3 g6 15. Be3 Bg7 16. Nh4 Be6 17. Bxe6 Rxe6 18. Ra6 Nb4 19. Ra7 Nc6 20. Ra6 Nb4 21.
Ra3 c5 22. Nf3 Re8 23. Qd2 Kh7 24. Rea1 Qc7 25. Ne2 Nc6 26. c3 c4 27. Ne1 d5 28.
exd5 Nxd5 29. dxc4 Nxe3 30. Qxe3 bxc4 31. Qd2 Red8 32.
Qc2 Qb6 33. Ra6 Qxb2 34. Qxb2 Rxb2 35. Rxc6 Rxe2 36. Rxc4 e4 37. f3 e3 38. Rc1 f5 39.
Rc7 f4 40. c4 g5 41. c5 Kg6 42. c6 Bb2 43. Rb1 Rd6 44. Rb7 Be5 45. c7 Rc6 46.
Nd3 Bxc7 47. Kf1 Rd2 48. Nb4 Rc4 49. Na6 Bd6 50. R7b6 Rcc2 51. Nb4 Rf2+ 52. Kg1 Rxg2+ 53. Kh1 Rh2+ 54. Kg1 Rcg2+ 55. Kf1 Ra2 56. Rxd6+ Kh5 57. Kg1 Rag2+ 58. Kf1 e2+ 59. Ke1 Rg1+ 60. Kd2 Rxb1 61. Nd3 e1=Q# 0-1

[Event "Early-Titled-Tuesday-Blitz-October-17-2023"]
[Site "Chess.com"]
[Date "2023.10.17"]
[Round "6"]
[White "C_K_G"]
[Black "cristiano78"]
[Result "0-1"]
[WhiteElo "1886"]
[BlackElo "2261"]
[TimeControl "180+1"]
[EndTime "9:11:56 PDT"]
[Termination "cristiano78 won on time"]

1. e4 c5 2. Nf3 d6 3. d4 cxd4 4. Nxd4 Nf6 5. Nc3 g6 6. f4 Bg7 7.
Bb5+ Bd7 8. e5 dxe5 9. fxe5 Ng4 10. Qxg4 Bxe5 11. Bxd7+ Nxd7 12. Be3 Nf6 13. Qe2 O-O 14. O-O a6 15. Rad1 Qc7 16. h3 Rfd8 17. Rd3 Nh5 18. Nf5 Rxd3 19. cxd3 Bh2+ 20. Kh1 e6 21. Nh6+ Kh8 22.
Nxf7+ Kg7 23. Bd4+ e5 24. Bxe5+ Bxe5 25. Qxe5+ Qxe5 26. Nxe5 Ng3+ 27. Kh2 Nxf1+ 28. Kg1 Ne3 29. d4 Rd8 30.
Nf3 b5 31. Kf2 Nf5 32. Ne2 Nd6 33. b3 Rc8 34. Ne1 Ne4+ 35. Ke3 Nc3 36. Nf4 Nxa2 37.
Ned3 Nc1 38. Nb4 Nxb3 39. Nxa6 Rc3+ 40. Ke4 Nd2+ 41. Ke5 Re3+ 42. Kd6 g5 43. Ne6+ Kg6 44. d5 h5 45. Nac5 b4 46. Kc6 b3 47. Nxb3 Nxb3 0-1

[Event "Early-Titled-Tuesday-Blitz-October-17-2023"]
[Site "Chess.com"]
[Date "2023.10.17"]
[Round "6"]
[White "Tagliata"]
[Black "Mr_Lion22"]
[Result "0-1"]
[WhiteElo "2126"]
[BlackElo "2484"]
[TimeControl "180+1"]
[EndTime "9:12:00 PDT"]
[Termination "Mr_Lion22 won by checkmate"]

1. e4 c5 2. Nf3 d6 3. d4 cxd4 4.
Nxd4 Nf6 5. Nc3 a6 6. h3 e5 7. Nf3 Be7 8. g4 h6 9. Rg1 g5 10.
Nd2 b5 11. a4 b4 12. Nd5 Nxd5 13. exd5 Nd7 14. a5 Nf6 15. Bg2 Bb7 16. Nc4 Rc8 17. Nb6 Rc7 18. Bd2 Rc5 19. Bxb4 Rb5 20. Qd2 Rxb6 21.
axb6 Qxb6 22. c3 Qb5 23. Bf1 Qb6 24. Bg2 h5 25. gxh5 Nxh5 26. Be4 Nf4 27. O-O-O a5 28. Ba3 Ba6 29. Kb1 Bc8 30. f3 Bxh3 31. Rh1 Rh4 32. Qc2 Bg2 33. Rxh4 gxh4 34. Qa4+ Kf8 35. Qd7 h3 36.
Qc8+ Kg7 37. Qg4+ Ng6 38. c4 Qf2 39. c5 dxc5 40. d6 Bd8 41. Bxg6 fxg6 42. Qd7+ Kh6 43.
Qxd8 Bxf3 44. Qh8+ Kg5 45. Qd8+ Kh5 46. Rc1 Be4+ 47. Ka1 h2 48. Bxc5 Qd2 49. Be3 Qxe3 50. Qh8+ Kg4 51. Qxh2 Qxc1+ 52. Ka2 Bd5+ 53. b3 a4 54.
Qe2+ Kf5 55. Qd3+ Be4 56. Qh3+ Kf6 57. Qh8+ Ke6 58. Qe8+ Kxd6 59. Qd8+ Ke6 60. Qe8+ Kf5 61. Qf7+ Kg4 62. Qe6+ Kf3 63. Qf6+ Bf5 64. Qxe5 Qb1+ 65. Ka3 Qxb3# 0-1

[Event "Early-Titled-Tuesday-Blitz-October-17-2023"]
[Site "Chess.com"]
[Date "2023.10.17"]
[Round "6"]
[White "ArtemDyachuk"]
[Black "PowerThinking2650"]
[Result "1-0"]
[WhiteElo "2640"]
[BlackElo "2514"]
[TimeControl "180+1"]
[EndTime "9:12:02 PDT"]
[Termination "ArtemDyachuk won by resignation"]

1. e4 e5 2. Nf3 Nc6 3. Bb5 a6 4. Ba4 Nf6 5. d3 b5 6. Bb3 Be7 7. O-O d6 8. a3 O-O 9. Nc3 Bg4 10. Be3 Nd4 11. Bxd4 exd4 12. Nd5 c5 13. h3 Be6 14. Nxf6+ Bxf6 15. Bd5 Bxd5 16. exd5 Qd7 17. Nd2 Qf5 18. Ne4 Qxd5 19. Qf3 Kh8 20. Rfe1 Rae8 21. Re2 Bg5 22. Rae1 Rd8 23. Qh5 h6 24. h4 g6 25.
Qf3 Bxh4 26. Qh3 Bg5 27. g3 Kg7 28. f4 Bf6 29. g4 Rh8 30. Rg2 Be7 31. f5 Bg5 32.
Rf1 Be3+ 33. Kh1 Rdf8 34. Rf3 Bg5 35. Qg3 Qe5 36. Qf2 d5 37. Nxc5 h5 38. f6+ Kg8 39. gxh5 Rxh5+ 40. Rh2 Rxh2+ 41. Qxh2 Bxf6 42. Nd7 Qxh2+ 43. Kxh2 Bg7 44. Nxf8 Bxf8 45. Kg3 Kg7 46. Kf4 f5 47. Ke5 Be7 48. Kxd4 Kf6 49. Kxd5 g5 50. c4 g4 51. Rf1 bxc4 52. dxc4 Kg5 53. Ke6 f4 54. Kxe7 f3 55. c5 Kf4 56. c6 g3 57. c7 g2 58. Rc1 f2 59. c8=Q g1=Q 60. Qc7+ Kf3 61. Qc6+ Kg3 62. Qg6+ Kf3 63. Rxg1 1-0